Map: Dusk Towers

Players

lesha

  • Race: Terran Terran

A.I. 1 (Very Hard) - Winner!

  • Race: Zerg Zerg

VOD

Have the link to the VOD?

Description

Time

  • Played on: Dec. 5, 2015, 4:31 a.m.
  • Length: 20:53
Show
View Real Time Build Order
Export as new Build Order

lesha Terran 

Build Orders:  

Get SALT Encoding   

  12  0:01  SCV  
  13  0:13  SCV  
  14  0:18  Supply Depot  
  14  0:25  SCV  
  15  0:40  SCV  
  15  0:41  Barracks  
  16  0:52  SCV  
  17  1:04  SCV  
  18  1:16  SCV  
  19  1:22  Command Center  
  20  1:34  Orbital Command  
  20  1:39  Refinery  
  19  1:43  Marine  
  20  1:59  SCV  
  20  2:01  Supply Depot  
  21  2:07  Refinery  
  21  2:09  Marine  
  21  2:11  SCV  
  23  2:24  SCV  
  24  2:36  SCV, Orbital Command  
  24  2:45  Marine  
  24  2:48  SCV  
  26  2:55  Factory  
  26  3:00  SCV  
  27  3:07  SCV  
  27  3:09  Barracks  
  27  3:12  SCV  
  29  3:18  Marine  
  29  3:19  SCV  
  31  3:24  SCV  
  32  3:32  SCV, Engineering Bay  
  33  3:36  SCV  
  35  3:43  Factory Tech Lab  
  35  3:44  SCV  
  35  3:45  Starport  
  35  3:48  SCV  
  35  3:53  Barracks Tech Lab  
  36  3:56  SCV  
  36  4:00  SCV  
  38  4:06  Supply Depot  
  38  4:08  SCV  
  39  4:11  Terran Infantry Weapons Level 1  
  39  4:12  SCV, Engineering Bay  
  39  4:15  Barracks Reactor, Supply Depot  
  39  4:16  Stimpack  
  40  4:20  Marauder  
  42  4:24  Siege Tank  
  45  4:35  Refinery x2  
  45  4:40  Starport Reactor  
  45  4:42  Marauder  
  47  4:50  SCV x2  
  49  5:02  SCV x2, Marine  
  49  5:03  Marine x2  
  49  5:05  Terran Infantry Armor Level 1  
  54  5:13  Supply Depot  
  54  5:14  SCV x2  
  54  5:16  Supply Depot  
  54  5:18  Siege Tank  
  54  5:20  Marine  
  54  5:21  Marine x2  
  62  5:35  SCV x2, Medivac x2  
  68  5:39  Marauder  
  68  5:41  Supply Depot  
  70  5:45  Command Center  
  70  5:46  Supply Depot  
  70  5:56  Marine x2  
  72  6:06  Barracks  
  72  6:09  Barracks  
  72  6:12  Barracks  
  72  6:14  Barracks  
  72  6:16  SCV x2  
  74  6:28  Armory, SCV x2  
  74  6:29  Marine x2  
  80  6:33  Siege Tank  
  80  6:34  Medivac x2  
  80  6:35  Marauder  
  87  6:47  Marine x2  
  87  6:53  SCV x2  
  91  6:57  Marauder  
  91  7:00  Barracks Reactor x2  
  93  7:01  Barracks Tech Lab  
  93  7:02  Barracks Tech Lab  
  93  7:05  SCV x2  
  95  7:33  Orbital Command  
  95  7:36  Bunker  
  95  7:37  SCV x2  
  95  7:38  Bunker  
  97  7:47  Marine x4  
  97  7:48  Supply Depot, Marine x5  
  97  7:49  SCV x2  
  97  7:50  Supply Depot x2  
  108  7:57  Terran Infantry Weapons Level 2, Terran Infantry Armor Level 2  
  108  8:01  SCV  
  108  8:03  Terran Vehicle And Ship Armor Level 1  
  109  8:09  Marauder, SCV, Medivac x2, Marine  
  109  8:12  Marauder x2  
  121  8:14  SCV  
  121  8:16  Refinery  
  121  8:18  Refinery  
  122  8:21  Marine x3  
  122  8:22  Marine x2  
  127  8:27  Marine  
  127  8:30  Marine  
  127  8:33  Marine  
  127  8:34  Marauder  
  132  8:39  Marine  
  133  8:47  Marine  
  133  8:49  Medivac  
  133  8:55  Supply Depot  
  133  8:56  Supply Depot x2  
  133  8:57  Supply Depot  
  133  9:16  Marine x6  
  141  9:17  Marine x2, Medivac, Marauder  
  141  9:19  Medivac  
  141  9:22  Supply Depot  
  147  9:24  Supply Depot x2  
  147  9:25  Supply Depot  
  147  9:34  Marine x5  
  147  9:35  Marine, Marauder x2  
  147  9:38  Command Center  
  157  9:41  Marine  
  158  9:47  Medivac  
  158  9:49  Medivac  
  158  9:52  Marine x4  
  166  9:56  Marauder  
  166  9:57  Marauder  
  172  10:00  Marauder  
  172  10:14  Marine x6  
  173  10:17  Medivac, Marine  
  173  10:18  Marine  
  173  10:19  Medivac  
  173  10:20  Marine  
  185  10:31  Marine  
  185  10:32  Marine x5  
  185  10:35  Marine x2  
  192  10:38  Marine  
  194  10:47  Medivac  
  194  10:49  Medivac, Marine x2  
  199  10:56  Terran Infantry Weapons Level 3  
  200  10:57  Terran Infantry Armor Level 3  
  184  11:17  Medivac  
  134  11:19  Medivac  
  121  11:32  Marine x5  
  124  11:33  Marine x4  
  130  11:47  Medivac  
  130  11:49  Medivac  
  130  11:50  Marine x6  
  130  11:51  Marauder x3  
  146  11:58  Barracks  
  146  12:00  Barracks  
  146  12:04  Barracks, Orbital Command  
  146  12:06  Barracks  
  146  12:07  Marine  
  146  12:08  Marine x2  
  149  12:12  Marauder  
  149  12:13  Marauder x2  
  155  12:17  Medivac  
  155  12:19  Medivac  
  159  12:26  Missile Turret  
  159  12:27  Missile Turret  
  159  12:41  Marine x7  
  159  12:42  Marine x2  
  168  12:47  Medivac  
  168  12:49  Medivac  
  168  12:50  Barracks Reactor x2  
  172  12:52  Barracks Reactor, Missile Turret  
  172  12:57  Combat Shields  
  172  12:58  Marine  
  172  12:59  Missile Turret, Marine x4  
  172  13:00  Marauder x3  
  183  13:16  Missile Turret  
  183  13:17  Medivac  
  183  13:18  Marine x4  
  183  13:19  Medivac, Marine x2  
  193  13:21  Marauder x2, Marine  
  198  13:27  Barracks Reactor, Marine x2  
  198  13:30  Missile Turret  
  197  13:53  Missile Turret  
  166  14:02  Missile Turret  
  122  14:13  Marine x7  
  122  14:14  Marine x7  
  122  14:15  Marine x3  
  122  14:16  Concussive Shells  
  131  14:30  Marine  
  131  14:31  Marine  
  132  14:35  Marine x7  
  132  14:36  Marine x6  
  132  14:38  Medivac x2  
  149  14:41  Marine x2  
  151  14:48  Marine x2  
  151  14:52  Marine x2  
  153  14:53  Marine x7  
  153  14:54  Marine x4  
  153  14:59  Marine x2  
  168  15:06  Marine x2  
  170  15:07  Medivac  
  170  15:08  Medivac  
  170  15:10  Marine x3  
  170  15:11  Marine x6  
  183  15:17  Command Center  
  183  15:25  Marine x2  
  183  15:26  Marine x6  
  183  15:28  Marine x4  
  191  15:29  Marine x5  
  126  16:19  Marine x2  
  126  16:20  Marauder, Marine  
  126  16:21  Marauder x2  
  126  16:22  Marine x7  
  126  16:23  Marine x4  
  146  16:30  Medivac  
  146  16:31  Medivac  
  150  16:37  Marine x3  
  150  16:39  Marine  
  153  16:40  Command Center, Marine  
  153  16:42  Marauder x3  
  153  16:44  Factory  
  153  16:46  Factory  
  161  16:47  Factory  
  161  16:57  Marine x6  
  161  16:58  Marine x2  
  161  17:00  Thor, Medivac x2  
  179  17:03  Marauder x3  
  185  17:22  Marine x4  
  189  17:23  Marine  
  189  17:24  Marauder, Marine x2  
  189  17:25  Marauder x2  
  173  17:39  Marine x3  
  173  17:40  Marine x7  
  173  17:43  Thor  
  154  17:46  Marauder x3  
  133  18:05  Factory Tech Lab x2  
  133  18:07  Marauder x2  
  133  18:08  Marauder  
  139  18:15  Factory Tech Lab  
  139  18:21  Marine x2  
  139  18:23  Medivac  
  139  18:24  Medivac  
  139  18:26  Thor  
  151  18:29  Marauder x3  
  157  18:38  Command Center  
  157  18:50  Marauder x3  
  157  18:53  Thor x2  
  175  19:01  Thor  
  85  20:17  Marine x7  
  85  20:18  Marine x6  
  85  20:19  Marine x4  
  85  20:20  Widow Mine  
  85  20:21  Widow Mine  
  118  20:33  Command Center  
  118  20:34  Marine  
  118  20:35  Marine  
Show
View Real Time Build Order
Export as new Build Order

A.I. 1 (Very Hard) Zerg - Winner!

Build Orders: Pool First 

Get SALT Encoding   

  12  0:00  Drone  
  13  0:12  Overlord  
  13  0:17  Drone  
  14  0:30  Drone x2  
  16  0:43  Spawning Pool  
  16  0:45  Drone  
  16  0:49  Drone  
  17  1:12  Hatchery  
  17  1:14  Drone  
  17  1:17  Extractor  
  16  1:19  Drone  
  16  1:23  Drone  
  18  1:27  Drone  
  19  1:38  Overlord  
  19  1:49  Drone, Queen  
  22  1:59  Zergling x2  
  22  2:10  Drone  
  23  2:21  Drone  
  24  2:24  Drone, Queen  
  24  2:27  Roach Warren  
  24  2:29  Extractor  
  25  2:33  Drone  
  26  2:39  Drone  
  27  2:45  Overlord  
  27  2:49  Drone  
  28  2:53  Drone  
  28  2:57  Drone  
  30  3:01  Drone  
  30  3:04  Drone  
  32  3:07  Zergling x2  
  32  3:10  Zergling x2  
  34  3:15  Roach  
  34  3:18  Roach  
  38  3:22  Roach  
  40  3:27  Roach  
  40  3:29  Drone  
  40  3:31  Drone  
  44  3:37  Overlord  
  44  3:43  Lair  
  44  3:48  Metabolic Boost  
  44  3:55  Drone x2  
  46  3:58  Drone  
  46  4:00  Drone  
  46  4:02  Drone  
  49  4:04  Drone  
  49  4:07  Drone  
  51  4:11  Overlord  
  51  4:14  Drone  
  52  4:18  Evolution Chamber  
  52  4:19  Drone  
  52  4:23  Evolution Chamber  
  52  4:24  Drone  
  52  4:29  Drone x2  
  54  4:33  Drone  
  54  4:35  Drone  
  54  4:38  Drone  
  57  4:39  Drone  
  57  4:44  Infestation Pit  
  57  4:45  Drone  
  58  4:46  Zerg Missile Weapons Level 1  
  58  4:50  Zerg Ground Armor Level 1  
  58  4:53  Overlord  
  58  4:56  Overlord  
  58  4:58  Drone  
  60  5:00  Zergling x2  
  60  5:11  Drone, Roach  
  60  5:12  Roach  
  60  5:13  Drone, Hydralisk Den  
  65  5:15  Drone  
  65  5:18  Overlord  
  65  5:20  Drone  
  68  5:21  Drone  
  68  5:28  Extractor  
  68  5:29  Drone  
  68  5:30  Infestor  
  68  5:32  Extractor  
  68  5:35  Roach  
  71  5:40  Overlord, Roach  
  73  5:43  Hydralisk  
  73  5:48  Hydralisk  
  77  5:50  Drone x3  
  77  5:54  Drone, Roach  
  83  6:03  Overlord  
  83  6:05  Drone  
  83  6:06  Drone, Roach  
  83  6:10  Infestor  
  83  6:11  Spine Crawler  
  87  6:12  Spine Crawler  
  87  6:13  Drone  
  88  6:18  Ravager  
  88  6:20  Hatchery, Drone  
  88  6:21  Roach  
  88  6:22  Overlord  
  90  6:27  Ravager  
  90  6:30  Roach  
  93  6:34  Hydralisk  
  93  6:39  Hydralisk  
  97  6:41  Overlord  
  97  6:51  Spore Crawler  
  97  6:53  Spore Crawler, Infestor  
  97  7:07  Infestor  
  99  7:14  Overseer, Roach  
  101  7:16  Overlord  
  101  7:17  Roach  
  101  7:19  Roach  
  105  7:23  Hydralisk  
  105  7:28  Hydralisk  
  109  7:31  Queen  
  109  7:32  Drone x4  
  109  7:33  Drone x4  
  109  7:34  Drone  
  120  7:40  Extractor  
  120  7:41  Drone, Overlord  
  120  7:42  Drone x2  
  122  7:44  Lurker Den  
  122  7:45  Drone x2, Extractor  
  122  7:46  Drone x2  
  125  7:53  Drone  
  125  7:55  Drone  
  125  7:56  Drone  
  128  7:59  Ravager  
  128  8:03  Overlord  
  129  8:05  Drone  
  129  8:07  Drone  
  129  8:08  Ravager  
  132  8:13  Drone x2, Roach  
  136  8:21  Drone, Roach, Overlord  
  136  8:22  Drone, Roach  
  136  8:23  Drone  
  143  8:34  Zerg Missile Weapons Level 2  
  143  8:39  Overlord  
  143  8:40  Hive, Spine Crawler, Roach  
  144  8:44  Zergling x6  
  144  8:45  Zergling x6  
  144  8:47  Zergling x4  
  144  8:48  Evolution Chamber, Zergling x4  
  146  8:50  Baneling Nest  
  134  8:58  Infestor  
  136  9:04  Infestor  
  136  9:08  Zerg Melee Weapons Level 1  
  138  9:11  Overlord, Hydralisk  
  138  9:13  Hydralisk  
  142  9:20  Spine Crawler  
  142  9:22  Spore Crawler  
  140  9:24  Hydralisk Den  
  140  9:27  Lurker  
  140  9:29  Hydralisk  
  142  9:35  Zergling x2, Baneling x3  
  142  9:36  Baneling, Zergling x2  
  142  9:37  Zergling x2, Baneling  
  142  9:38  Baneling  
  145  9:39  Baneling  
  145  9:41  Baneling, Zergling x2  
  145  9:42  Baneling  
  145  9:43  Spine Crawler  
  145  9:44  Zergling x2, Spine Crawler, Baneling  
  145  9:45  Drone, Baneling  
  146  9:46  Spine Crawler  
  146  9:47  Drone, Zergling x2, Baneling, Overlord  
  146  9:49  Baneling  
  146  9:50  Baneling, Zergling x2  
  146  9:52  Baneling  
  148  9:54  Viper, Baneling, Zergling x2  
  148  9:55  Baneling  
  148  9:56  Baneling, Zergling x2  
  148  9:58  Baneling  
  153  10:06  Centrifical Hooks  
  153  10:11  Hatchery  
  153  10:13  Lurker  
  153  10:16  Hydralisk  
  155  10:21  Ravager  
  155  10:22  Spore Crawler  
  155  10:23  Overlord, Roach  
  155  10:25  Spore Crawler, Roach  
  155  10:26  Roach  
  155  10:27  Spore Crawler  
  159  10:36  Drone, Spine Crawler  
  159  10:38  Viper  
  162  10:42  Overseer  
  162  10:45  Overseer  
  162  10:49  Overlord, Queen  
  164  11:06  Pneumatized Carapace  
  164  11:08  Baneling, Zergling x6  
  151  11:15  Zergling x2  
  151  11:16  Hatchery, Zergling x4  
  151  11:17  Zergling x4  
  127  11:19  Zergling x2  
  127  11:21  Baneling  
  127  11:23  Hydralisk  
  127  11:24  Hatchery  
  127  11:26  Baneling x2, Ravager, Zergling x2  
  127  11:27  Roach  
  127  11:31  Baneling x2, Zergling x2  
  132  11:34  Infestor  
  132  11:36  Roach  
  132  11:37  Roach  
  132  11:39  Roach  
  140  11:41  Hydralisk  
  140  11:45  Hydralisk  
  144  11:50  Ravager  
  144  11:51  Roach  
  147  11:56  Ravager  
  147  11:58  Roach  
  147  11:59  Roach  
  147  12:01  Roach  
  154  12:12  Spine Crawler  
  153  12:16  Spire  
  152  12:31  Viper  
  152  12:36  Drone x2, Queen  
  152  12:37  Drone x3  
  160  12:38  Drone x4  
  160  12:39  Drone x3  
  160  12:40  Drone x3  
  160  12:41  Drone, Zerg Melee Weapons Level 2  
  173  12:45  Extractor  
  173  12:46  Drone  
  173  12:49  Drone, Extractor  
  173  12:50  Hatchery  
  172  12:52  Drone  
  172  12:54  Zerg Missile Weapons Level 3  
  173  13:07  Spore Crawler  
  173  13:08  Drone  
  173  13:09  Zerg Ground Armor Level 2  
  173  13:13  Spine Crawler  
  173  13:14  Drone  
  173  13:29  Mutalisk x3  
  173  13:30  Mutalisk  
  173  13:31  Mutalisk  
  173  13:33  Mutalisk  
  185  13:38  Mutalisk  
  187  13:43  Mutalisk  
  187  13:47  Zergling x8  
  187  13:48  Zergling x8  
  186  13:49  Zergling x4  
  186  13:52  Mutalisk, Roach  
  186  13:53  Spore Crawler  
  186  13:54  Roach  
  150  13:55  Roach  
  150  13:57  Hydralisk  
  150  13:58  Roach  
  150  14:00  Hydralisk  
  150  14:02  Hydralisk  
  135  14:03  Drone, Queen  
  135  14:04  Roach  
  135  14:06  Roach  
  135  14:07  Roach, Baneling  
  135  14:08  Zergling x2  
  139  14:13  Extractor  
  139  14:14  Drone, Infestor  
  141  14:17  Extractor  
  141  14:19  Drone  
  141  14:21  Infestor  
  141  14:23  Roach  
  141  14:24  Roach  
  143  14:26  Spore Crawler, Drone  
  143  14:27  Baneling  
  143  14:28  Zergling x2, Baneling  
  133  14:31  Mutalisk  
  133  14:37  Mutalisk  
  137  14:42  Mutalisk  
  139  14:46  Zergling x2, Baneling x2  
  139  14:47  Drone, Zergling x2, Spine Crawler, Baneling x3  
  139  14:48  Zergling x4, Baneling x3  
  139  14:49  Spine Crawler  
  139  14:50  Drone, Baneling  
  139  14:51  Zergling x2, Baneling  
  139  14:52  Baneling  
  144  14:53  Baneling, Zergling x2  
  144  14:54  Baneling  
  144  14:55  Zergling x2, Baneling  
  144  14:56  Baneling  
  144  14:57  Zergling x2, Baneling  
  144  14:59  Baneling  
  147  15:02  Mutalisk  
  147  15:06  Ravager  
  150  15:08  Roach  
  150  15:10  Ravager  
  150  15:12  Roach  
  155  15:14  Mutalisk  
  155  15:17  Spine Crawler  
  155  15:18  Drone, Mutalisk  
  159  15:23  Mutalisk  
  159  15:25  Overseer  
  159  15:27  Overseer  
  163  15:28  Roach  
  163  15:29  Spore Crawler  
  163  15:30  Drone, Hydralisk, Spore Crawler  
  163  15:31  Drone  
  163  15:32  Spore Crawler  
  163  15:34  Drone  
  165  15:37  Overlord, Infestor  
  167  15:44  Infestor  
  169  15:52  Spore Crawler  
  169  15:54  Viper  
  169  15:55  Drone  
  172  16:03  Overlord, Viper  
  172  16:04  Queen  
  173  16:07  Drone x2, Zergling x2  
  173  16:08  Zergling x4  
  173  16:09  Hatchery  
  173  16:11  Drone  
  166  16:14  Spine Crawler  
  166  16:15  Drone  
  166  16:16  Zergling x2, Baneling x3  
  166  16:17  Drone, Zergling x2, Spine Crawler, Baneling x3  
  166  16:18  Zergling x4, Baneling x3  
  169  16:19  Zergling x2, Baneling x3  
  169  16:20  Drone, Spine Crawler, Baneling, Zergling x2  
  172  16:29  Zerg Melee Weapons Level 3  
  172  16:43  Zerg Ground Armor Level 3  
  172  16:56  Spore Crawler  
  172  16:57  Drone  
  172  16:59  Spore Crawler  
  172  17:00  Drone  
  172  17:06  Spine Crawler  
  172  17:07  Drone  
  172  17:09  Spine Crawler  
  172  17:10  Drone  
  172  17:12  Spore Crawler  
  172  17:14  Drone  
  172  17:16  Zergling x2  
  172  17:17  Zergling x2, Baneling x3  
  172  17:18  Zergling x2, Baneling  
  172  17:22  Queen  
  175  17:27  Extractor  
  175  17:28  Drone  
  177  17:31  Hydralisk, Roach x4  
  177  17:32  Hydralisk x3  
  177  17:33  Mutalisk  
  177  17:34  Zergling x4  
  177  17:35  Baneling, Zergling x4  
  177  17:36  Baneling, Zergling x2  
  170  17:37  Baneling x3, Zergling x2  
  170  17:38  Mutalisk x2, Zergling x2  
  170  17:39  Mutalisk  
  170  17:40  Zergling x2  
  170  17:41  Zergling x2  
  170  17:42  Zergling x2  
  150  17:44  Roach  
  150  17:46  Roach  
  150  17:48  Roach  
  150  17:50  Roach  
  150  17:51  Roach  
  150  17:53  Mutalisk  
  150  17:55  Baneling  
  150  17:58  Hatchery  
  151  17:59  Baneling  
  151  18:00  Baneling  
  151  18:03  Drone, Ravager  
  151  18:04  Lurker, Zergling x2  
  155  18:06  Roach, Baneling  
  155  18:07  Zergling x2  
  155  18:08  Baneling  
  155  18:10  Mutalisk  
  160  18:13  Mutalisk  
  160  18:15  Mutalisk  
  160  18:17  Mutalisk  
  160  18:19  Mutalisk  
  168  18:22  Roach  
  168  18:24  Hydralisk  
  168  18:26  Infestor  
  172  18:29  Infestor  
  176  18:38  Queen  
  178  19:03  Extractor  
  178  19:04  Drone  
  178  19:05  Spine Crawler  
  178  19:06  Drone  
  178  19:10  Pathogen Glands, Queen  
  178  19:11  Spore Crawler  
  178  19:13  Drone  
  180  19:18  Zergling x4, Baneling x3  
  180  19:20  Overseer  
  180  19:22  Hydralisk x3  
  180  19:23  Hydralisk, Roach x2  
  194  19:24  Hydralisk  
  194  19:27  Hydralisk  
  198  19:33  Spine Crawler  
  198  19:34  Drone  
  198  19:35  Spine Crawler  
  198  19:37  Drone  
  198  19:40  Baneling  
  198  19:41  Zergling x2, Baneling x2  
  198  19:42  Baneling  
  199  19:45  Baneling  
  199  19:46  Baneling x2  
  199  19:49  Zergling x4  
  199  19:50  Zergling x2  
  199  19:51  Zergling x6  
  199  19:52  Zergling x6  
  189  19:53  Roach  
  189  19:55  Infestor  
  189  19:57  Roach  
  189  19:59  Infestor  
  165  20:05  Infestor  
  165  20:06  Roach  
  161  20:07  Roach  
  161  20:08  Roach  
  161  20:10  Roach  
  161  20:11  Roach  
  161  20:12  Roach  
  168  20:16  Spore Crawler, Hydralisk  
  168  20:17  Hydralisk  
  168  20:19  Drone, Spore Crawler  
  168  20:20  Drone  
  172  20:23  Hydralisk  
  172  20:27  Hydralisk  
  172  20:28  Lurker  
  173  20:44  Spine Crawler  
  173  20:47  Spore Crawler  
  172  20:50  Hatchery  
Tags
 
Add a new tag
Caveats
  • Supply blocks, unpowered buildings, or Contaminate may cause inaccurate times.
  • Supply counts are checked every 10 seconds.